 Dungeon Crawl Stone Soup version 0.29-a0-330-g52719c12eb (webtiles) character file.

Game seed: 8488673409830078731

347 Ajdolov the Slasher (level 6, -1/78 HPs)
             Began as a Barachi Monk on Apr 19, 2022.
             Slain by a mummy (13 damage)
             ... in an ossuary.
             The game lasted 00:07:17 (4816 turns).

Ajdolov the Slasher (Barachi Monk)                  Turns: 4816, Time: 00:07:17

Health: -1/78      AC: 23    Str: 11 (12) XL:     6   Next: 59%
Magic:  6/6        EV:  2    Int:  9 (11) God:
Gold:   104        SH:  0    Dex: 12 (14) Spells: 5/5 levels left

rFire   + . .      SeeInvis .   i - +2 falchion (vorpal)
rCold   . . .      Faith    .   (no shield)
rNeg    + . .      Spirit   .   (body armour currently unavailable)
rPois   +          Reflect  .   (helmet currently unavailable)
rElec   .          Harm     .   (cloak currently unavailable)
rCorr   .          Rampage  .   (gloves currently unavailable)
Will    .....      NoTele   +   (boots currently unavailable)
Stlth   ++........              (no amulet)
HPRegen 0.23/turn               f - ring of positive energy
MPRegen 0.10/turn               n - ring of protection from fire

@: tree-form, unable to hop
A: stationary, stasis, torment immunity, boosted hp, (amphibious), (slowness 1),
(strong legs 1), +LOS, dopey 1, (shaggy fur 1)
a: no special abilities


You were in an ossuary.
You were a tree.
You visited 1 branch of the dungeon, and saw 4 of its levels.
You also visited: Ossuary.

You collected 104 gold pieces.

Inventory:

Hand Weapons
 i - a +2 vorpal falchion (weapon)
Missiles
 q - a throwing net
Armour
 k - a +2 ring mail of poison resistance (melded)
Jewellery
 f - a ring of positive energy (left branch)
 n - a ring of protection from fire (right branch)
 p - a +6 ring of dexterity
Scrolls
 b - a scroll of fog {unknown}
 c - 2 scrolls of teleportation {unknown}
 e - 5 scrolls of identify {unknown}
 g - a scroll of holy word {unknown}
 j - 2 scrolls of noise {unknown}
Potions
 a - 3 potions of mutation
 d - a potion of cancellation {unknown}
 h - a potion of might {unknown}
 m - a potion of lignification
 o - a potion of degeneration


   Skills:
 + Level 5.7 Fighting
 * Level 7.4 Long Blades
 - Level 3.2 Dodging
 - Level 1.7 Stealth


You had 5 spell levels left.
You didn't know any spells.
Your spell library was empty.

Dungeon Overview and Level Annotations

Branches:
Dungeon (4/15)            Ossuary (1/1)
 Temple: D:4-7

Altars:
Dithmenos
Hepliaklqana
Kikubaaqudgha

Shops:
D:1 (   D:3 (


Innate Abilities, Weirdness & Mutations

You are a tree.
Your roots penetrate the ground, keeping you stationary.
You cannot be teleported.
You are immune to unholy pain and torment.
Your maximum health is greatly increased.
Your equipment is partially melded.
((You are amphibious.))
((You cover ground slowly.))
((You can hop short distances.))
You have an extended range of vision and can be seen from far away.
You are dopey. (Int -2)
((You are covered in fur. (AC +1)))


Message History

Okay, then.
You slash the orc zombie!
You destroy the orc zombie!
You hit the mummy.
The mummy is heavily damaged.
The mummy hits you but does no damage.
You hit the mummy.
The mummy is almost destroyed.
You hit the mummy but do no damage.
The mummy is almost destroyed.
The mummy hits you. x2
Unknown command.
You barely miss the mummy.
The mummy is almost destroyed.
The mummy hits you.
* * * LOW HITPOINT WARNING * * *
Unknown command.
You barely miss the mummy.
The mummy is almost destroyed.
The mummy hits you.
* * * LOW HITPOINT WARNING * * *
The mummy hits you.
* * * LOW HITPOINT WARNING * * *
Unknown command.
Hop to where?
Press: ? - help, Dir - move target 3 mummies come into view.
Boing!
It was a potion of mutation.
You feel extremely strange.
You feel robust.
You feel stupid.
You feel frail. Fur sprouts all over your body.
Okay, then.
It was a potion of lignification.
You turn into a tree.
Your +2 ring mail of poison resistance melds into your body.
You no longer feel resistant to poison.
Your roots penetrate the ground.
It was a potion of degeneration.
There was something very wrong with that liquid.
You feel weakened.
You feel dopey.
You feel clumsy. The mummy hits you!
You die...

.........
.........
......M.
...M..
#.M..#
#M...#
#....#
#....#
#..♣.#
#.MM.#
#..M.#
#....#
#.∩∩.#
######


You could see 7 mummies.

Vanquished Creatures
  An iguana (D:3)
  Jessica (D:2)
  Natasha (twice) (D:4)
  2 orc wizards (D:3)
  A mummy (Ossuary)
  3 adders
  4 gnolls
  2 worms
  10 orcs
  8 bats
  6 endoplasms
  2 giant cockroaches
  5 goblins
  4 hobgoblins
  8 jackals
  9 quokkas
  3 ball pythons
  A frilled lizard (D:1)
  2 gnoll zombies (Ossuary)
  2 hobgoblin zombies (Ossuary)
  4 kobolds
  3 kobold zombies (Ossuary)
  An orc zombie (Ossuary)
  26 rats
110 creatures vanquished.

Notes
Turn   | Place    | Note
-------+----------+-------------------------------------------
     0 | D:1      | Ajdolov the Barachi Monk began the quest for the Orb.
     0 | D:1      | Reached XP level 1. HP: 18/18 MP: 1/1
    48 | D:1      | Reached skill level 4 in Long Blades
    54 | D:1      | Reached XP level 2. HP: 8/25 MP: 2/2
   715 | D:1      | Found Muthopiq's Weapon Emporium.
   719 | D:1      | Reached XP level 3. HP: 30/30 MP: 3/3
  1469 | D:2      | Noticed Jessica
  1475 | D:2      | Killed Jessica
  1476 | D:2      | Reached skill level 5 in Long Blades
  1476 | D:2      | Reached XP level 4. HP: 38/38 MP: 4/4
  2287 | D:3      | Found Teacw's Weapon Boutique.
  2649 | D:3      | Reached XP level 5. HP: 40/43 MP: 5/5
  2735 | D:3      | Reached skill level 6 in Long Blades
  2783 | D:3      | Reached skill level 5 in Fighting
  2844 | D:3      | Found a hazy altar of Hepliaklqana.
  2844 | D:3      | Found an ancient bone altar of Kikubaaqudgha.
  2844 | D:3      | Found a shadowy altar of Dithmenos.
  3432 | D:3      | Found a faded altar of an unknown god.
  4225 | D:4      | Reached XP level 6. HP: 28/51 MP: 6/6
  4377 | D:3      | Reached skill level 7 in Long Blades
  4609 | D:4      | Noticed Natasha
  4617 | D:4      | Killed Natasha
  4639 | D:4      | Found a sand-covered staircase.
  4668 | D:4      | Noticed Natasha
  4680 | D:4      | Killed Natasha
  4746 | Ossuary  | Entered an ossuary
  4814 | Ossuary  | Gained mutation: You are robust. (+10% HP) [potion of
                  | mutation]
  4814 | Ossuary  | Gained mutation: You are dopey. (Int -2) [potion of
                  | mutation]
  4814 | Ossuary  | Lost mutation: You are robust. (+10% HP) [potion of
                  | mutation]
  4814 | Ossuary  | Gained mutation: You are covered in fur. (AC +1) [potion of
                  | mutation]
  4816 | Ossuary  | Slain by a mummy

Illustrated notes

Levels and vault maps discovered:
D:1:      psy_arrival_terrarium, layout_basic, serial_shops,
          nicolae_shop_bloodbath_and_beyond
D:2:      layout_basic, uniq_jessica
D:3:      layout_loops_corners, grunt_temple_overflow_open, serial_shops, shop,
          chequers_ecumenical_altar_simple, kennysheep_big_empty_room,
          st_stairs_2, minmay_rat_hole
D:4:      layout_basic, minmay_temple_entry_mini_moons, enter_ossuary_2,
          uniq_edmund, uniq_natasha
Ossuary:  ossuary_tomb_3

Skill      XL: |  1  2  3  4  5  6 |
---------------+-------------------+-----
Long Blades    | 4 5 6 7 |  7.4
Fighting       | 4 5 |  5.7
Dodging        | |  3.2
Stealth        | |  1.7

Action                   |  1- 3 |  4- 6 || total
-------------------------+-------+-------++-------
Melee: Falchion          |   116 |   247 ||   363
       Punch             |       |     2 ||     2
 Abil: Hop               |       |     5 ||     5
Evoke: Wand              |       |     2 ||     2
  Use: Potion            |       |     4 ||     4
 Stab: Sleeping          |     3 |     3 ||     6
Armor: Robe              |    33 |     4 ||    37
       Ring mail         |       |    82 ||    82
Dodge: Dodged            |   106 |   129 ||   235

Table legend: (Time is in decaauts)
 A = Elapsed time spent in this place.
 B = Non-inter-level travel time spent in this place.
 C = Inter-level travel time spent in this place.
 D = Time resting spent in this place.
 E = Time spent auto-exploring this place.
 F = Levels seen in this place.
 G = Mean time per level.
                   A        B        C        D        E       F      G
               +--------+--------+--------+--------+--------+-----+--------+
         Total |   5299 |   5170 |    129 |   1400 |   2745 |   5 | 1059.8 |
       Dungeon |   5228 |   5099 |    129 |   1400 |   2732 |   4 | 1307.0 |
       Ossuary |     70 |     70 |      0 |      0 |     13 |   1 |   70.0 |
               +--------+--------+--------+--------+--------+-----+--------+

Top non-repeatable levels by time:
     D:3: 1878 daAuts
     D:1: 1511 daAuts
     D:2: 1479 daAuts
     D:4: 359 daAuts
 Ossuary: 70 daAuts
